 Dungeon Crawl Stone Soup version 0.17.0-28-g6e173f8 (webtiles) character file.

138 zero the Chopper (level 5, -11/32 HPs)
             Began as a Gargoyle Berserker on Nov 24, 2015.
             Was a Priest of Trog.
             Engulfed by a cloud of flame (20 damage)
             ... on level 2 of the Dungeon.
             The game lasted 00:03:11 (2153 turns).

zero the Chopper (Gargoyle Berserker)               Turns: 2153, Time: 00:03:11

Health: -11/32     AC:  8    Str: 22    XL:     5   Next: 21%
Magic:  5/5        EV: 11    Int:  7    God:    Trog [***...]
Gold:   169        SH:  0    Dex:  9    Spells: 0 memorised, 4 levels left

rFire  . . .     SeeInvis .     a - +0 hand axe
rCold  . . .     Clarity  .     w - +0 leather armour
rNeg   + . .     SustAt   .     (no shield)
rPois  ∞         Gourm    .     (no helmet)
rElec  +         Spirit   .     (no cloak)
rCorr  .         Warding  .     (no gloves)
rMut   .         Stasis   .     v - +0 pair of boots
MR     +....                    (no amulet)
Stlth  ..........               g - ring of loudness (curse)
                                s - ring of protection from magic

@: somewhat resistant to hostile enchantments, extremely unstealthy
A: negative energy resistance 1, electricity resistance, unbreathing,
petrification resistance, rot immunity, AC +4
a: Berserk, Trog's Hand, Burn Spellbooks, Renounce Religion


You were on level 2 of the Dungeon.
You worshipped Trog.
Trog was most pleased with you.
You were not hungry.

You visited 1 branch of the dungeon, and saw 3 of its levels.

You collected 169 gold pieces.

Inventory:

Hand Weapons
 a - a +0 hand axe (weapon)
Armour
 v - a +0 pair of boots (worn)
 w - a +0 leather armour (worn)
Jewellery
 d - an uncursed ring of sustain attributes
 g - a cursed ring of loudness (right hand)
 s - a ring of protection from magic (left hand)
Wands
 p - a wand of heal wounds (5)
Scrolls
 e - 3 scrolls of identify
 f - a scroll of enchant armour
 h - 2 scrolls of magic mapping {unknown}
 i - a scroll of random uselessness {unknown}
 k - 2 scrolls of blinking {unknown}
Potions
 j - a potion of magic {unknown}
 m - 2 potions of cure mutation {unknown}
 n - a potion of mutation {unknown}
 r - 2 potions of lignification {unknown}
Books
 u - a book of Cantrips

   Spells                             Type                      Level
   a - Corona                         Hexes                        1
   b - Animate Skeleton               Necromancy                   1
   c - Summon Small Mammal            Summoning                    1
   d - Apportation                    Translocation                1
   Trog disapproves of the use of such an item.
Comestibles
 c - 3 bread rations
 l - a beef jerky
 o - a chunk of flesh
 q - a meat ration


   Skills:
 - Level 3.2 Fighting
 + Level 5.2 Axes
 - Level 2.1 Armour
 - Level 1.5 Dodging


You had 4 spell levels left.
You didn't know any spells.

Dungeon Overview and Level Annotations

Branches:
Dungeon (3/15)

Altars:
Cheibriados


Innate Abilities, Weirdness & Mutations

You are resistant to torment.
Your stone body is resilient (AC +4).
You are immune to poison.
You resist negative energy.
You are resistant to electric shocks.
You can survive without breathing.
You are immune to petrification.
You are immune to rotting.


Message History

You remove your ring of sustain attributes.
s - a ring of protection from magic (left hand) Read which item? (? for menu, Esc to quit)
As you read the scroll labeled OTOT ZUCWUYW, it crumbles to dust.
It is a scroll of identify.
Identify which item? (\ to view known items) (? for menu, Esc to quit)
f - a scroll of enchant armour Read which item? (? for menu, Esc to quit)
As you read the scroll labeled IFIXYDW PIUTYI, it crumbles to dust.
The creatures around you are filled with an inner flame!
It was a scroll of immolation.
You hit the ball python.
The ball python explodes!
The fiery explosion engulfs you!
Ouch! That really hurt!
* * * LOW HITPOINT WARNING * * *
Trog accepts your kill.
You are engulfed in roaring flames.
Ouch! That really hurt!
You die...

#..# #...#
#..########.# #..#
#.### #....## #.#
####..# #.#
######..#..#####[#
......### #.#
#............(.#.#
..##....# #.#
#.#######.####....
#.###.#[# #.# #.#
##.))..##.... #.# #.#.#
#.# #§####..8..##.....
#.# #.#.# #.#
#%##.#8..(##....(. #.#
#.#.# #.#
#@#...#)#(###....# #.#
#)#.# #.#
##.###.#...#.#...## #.#
#.#.# #.#
#..[##.#....##...##
#.###.#.#
#.###..#.##.##...##....
........#
#......##(.#.###..#.###
#..######
######.##########.#.#
†..# #..............#
##.# ####.##.#..#######
#.# #.##...........


There were no monsters in sight!

Vanquished Creatures
  3 adders
  3 oozes
  A worm (D:2)
  2 giant geckos (D:1)
  3 orcs (D:2)
  3 ball pythons
  2 giant cockroaches
  9 goblins
  7 hobgoblins
  14 jackals
  3 quokkas
  7 bats
  4 giant newts
  11 kobolds
  8 rats
80 creatures vanquished.

Notes
Turn   | Place    | Note
--------------------------------------------------------------
     0 | D:1      | zero the Gargoyle Berserker began the quest for the Orb.
     0 | D:1      | Reached XP level 1. HP: 14/14 MP: 1/1
    91 | D:1      | Reached XP level 2. HP: 19/19 MP: 2/2
   240 | D:1      | Reached XP level 3. HP: 9/23 MP: 3/3
   392 | D:1      | Reached ** piety under Trog
   790 | D:2      | Reached skill level 4 in Axes
   793 | D:2      | Found a snail-covered altar of Cheibriados.
  1068 | D:2      | Reached XP level 4. HP: 28/28 MP: 4/4
  1839 | D:3      | Reached *** piety under Trog
  1839 | D:3      | Reached skill level 5 in Axes
  1900 | D:3      | Reached XP level 5. HP: 27/32 MP: 5/5
  1908 | D:3      | Found a faded altar to an unknown god.
  2153 | D:2      | Engulfed by a cloud of flame

Action                   |  1- 3 |  4- 6 || total
-------------------------+-------+-------++-------
Melee: Hand axe          |    87 |   154 ||   241
Invok: Berserk           |     3 |     1 ||     4
  Use: Scroll            |       |     2 ||     2
  Eat: Chunk             |     3 |     5 ||     8
